 Dungeon Crawl Stone Soup version 0.19.4-10-g532645f (webtiles) character file.

2821 Naow the Destroyer (level 9, 0/45 HPs)
             Began as a Deep Elf Conjurer on Feb 25, 2017.
             Succumbed to a scorpion's poison
             ... on level 8 of the Dungeon.
             The game lasted 00:14:42 (9026 turns).

Naow the Destroyer (Deep Elf Conjurer)              Turns: 9026, Time: 00:14:43

Health: 0/45       AC:  3    Str:  4 (5)  XL:     9   Next: 45%
Magic:  1/24       EV: 19    Int: 22 (24) God:
Gold:   342        SH:  0    Dex: 17 (20) Spells: 5 memorised, 10 levels left

rFire  . . .     SeeInvis .     B - +3 dagger (protect)
rCold  . . .     Gourm    .     a - +0 robe
rNeg   . . .     Faith    .     (no shield)
rPois  .         Spirit   .     m - +0 hat
rElec  .         Reflect  .     (no cloak)
rCorr  .         Harm     .     d - +0 pair of gloves
MR     .....                    (no boots)
Stlth  +++.......               (no amulet)
                                p - +2 ring of slaying
                                x - +1 ring of evasion

@: agile, lethally poisoned (0 -> -10), flying
A: no striking features
a: no special abilities


You were on level 8 of the Dungeon.
You were hungry.

You visited 1 branch of the dungeon, and saw 9 of its levels.

You collected 342 gold pieces.

Inventory:

Hand Weapons
 B - a +3 dagger of protection (weapon)
Armour
 a - a +0 robe (worn)
 d - a +0 pair of gloves (worn)
 k - a +0 helmet
 m - a +0 hat (worn)
Jewellery
 p - a +2 ring of slaying (right hand)
 x - a +1 ring of evasion (left hand)
Wands
 o - a wand of acid (15/15)
 y - a wand of flame (30/48)
Scrolls
 f - 9 scrolls of identify
 g - 2 scrolls of magic mapping
 i - 2 scrolls of recharging
 j - a scroll of fog
 r - 3 scrolls of enchant weapon {unknown}
 t - a scroll of amnesia
 u - a scroll of blinking {unknown}
 v - a scroll of noise {unknown}
 z - 2 scrolls of remove curse
 D - a scroll of random uselessness {unknown}
Potions
 n - a potion of might
 C - 2 potions of flight
Books
 b - a book of Conjurations

   Spells                             Type                      Level
   a - Magic Dart                     Conjuration                  1
   b - Searing Ray                    Conjuration                  2
   c - Dazzling Spray                 Conjuration/Hexes            3
   d - Fulminant Prism                Conjuration/Hexes            4
   e - Iskenderun's Mystic Blast      Conjuration                  4
   f - Iskenderun's Battlesphere      Conjuration/Charms           5
 q - a book of Callings

   Spells                             Type                      Level
   a - Summon Small Mammal            Summoning                    1
   b - Call Imp                       Summoning                    2
   c - Call Canine Familiar           Summoning                    3
   d - Summon Guardian Golem          Hexes/Summoning              3
   e - Summon Lightning Spire         Summoning/Air                4
   f - Summon Ice Beast               Ice/Summoning                4
 s - a Fen Folio

   Spells                             Type                      Level
   a - Corpse Rot                     Necromancy                   2
   b - Stone Arrow                    Conjuration/Earth            3
   c - Leda's Liquefaction            Hexes/Earth                  4
   d - Summon Forest                  Summoning/Translocation      5
   e - Hydra Form                     Transmutation                6
   f - Summon Hydra                   Summoning                    7
Miscellaneous
 w - a lamp of fire
Comestibles
 c - 5 bread rations
 l - 4 meat rations


   Skills:
 - Level 2.4 Dodging
 - Level 2.4 Stealth
 + Level 9.2 Spellcasting
 * Level 11.3 Conjurations
 + Level 8.1 Charms


You had 10 spell levels left.
You knew the following spells:

 Your Spells              Type           Power        Failure   Level  Hunger
a - Magic Dart            Conj           ####         1%          1    None
b - Searing Ray           Conj           ######       1%          2    None
c - Iskenderun's Battles  Conj/Chrm      ######..     3%          5    ####...
d - Iskenderun's Mystic   Conj           ######..     1%          4    ##.....
e - Fulminant Prism       Conj/Hex       #####.....   10%         4    ##.....


Dungeon Overview and Level Annotations

Branches:
Dungeon (9/15)
 Temple: D:4-7         Lair: D:8-11         Orc: D:9-12

Altars:
Cheibriados
Dithmenos
Elyvilon
Nemelex Xobeh
Uskayaw

Annotations:
D:8 Psyche


Message History

* * * LOW HITPOINT WARNING * * *
You feel sick. Psyche casts a spell at you. The puff of frost hits you!
* * * LOW HITPOINT WARNING * * *
It was a potion of agility.
You feel agile all of a sudden.
* * * LOW HITPOINT WARNING * * *
You feel sick.
Psyche casts a cantrip, but nothing happens.
It was a potion of flight.
You feel very buoyant.
You fly up into the air.
* * * LOW HITPOINT WARNING * * *
You feel sick.
Psyche casts a cantrip, but nothing happens.
It was a potion of degeneration.
There was something very wrong with that liquid.
You feel weakened.
You feel dopey.
You feel clumsy.
You die...

#### #... ...#
#..# #..# #.@#
#[.# ###.@# #...†#
#.##.# # #.# #.#
#.##.######
#..†......#
.s......####.#
####.##.####.#####


You could see Psyche.

Vanquished Creatures
  A troll (D:9)
  A two-headed ogre (D:9)
  A hippogriff (D:7)
  A yak (D:9)
  2 sky beasts
  2 ogres
  2 phantoms
  2 ice beasts
  4 bullfrogs
  2 scorpions
  A howler monkey (D:6)
  A centaur zombie (D:6)
  4 hounds
  3 crimson imps (D:6)
  An orc priest (D:9)
  A jelly (D:7)
  A bullfrog skeleton (D:9)
  8 orc wizards
  2 iguanas
  4 worker ants
  A killer bee zombie (D:9)
  A hound skeleton (D:4)
  Robin (D:2)
  A howler monkey skeleton (D:6)
  6 adders
  3 adder skeletons (D:5)
  An adder zombie (D:9)
  A worm (D:4)
  A dart slug (D:1)
  6 leopard geckos
  13 orcs
  7 bats
  6 giant cockroaches
  10 goblins
  13 hobgoblins
  15 jackals
  4 quokkas
  A ball python (D:1)
  5 frilled lizards
  11 kobolds
  9 rats
160 creatures vanquished.

Vanquished Creatures (others)
  5 fulminant prisms
  8 fungi (D:8)
  4 plants (D:8)
17 creatures vanquished.

Grand Total: 177 creatures vanquished

Notes
Turn   | Place    | Note
-------+----------+-------------------------------------------
     0 | D:1      | Naow the Deep Elf Conjurer began the quest for the Orb.
     0 | D:1      | Reached XP level 1. HP: 10/10 MP: 6/6
   212 | D:1      | Reached XP level 2. HP: 15/15 MP: 4/8
   360 | D:1      | Reached skill level 5 in Conjurations
   810 | D:1      | Reached XP level 3. HP: 18/19 MP: 2/10
  1631 | D:2      | Found a shadowy altar of Dithmenos.
  1898 | D:2      | Learned a level 2 spell: Searing Ray
  2222 | D:2      | Noticed Robin
  2270 | D:2      | Found a snail-covered altar of Cheibriados.
  2274 | D:2      | Killed Robin
  2274 | D:2      | Reached XP level 4. HP: 24/24 MP: 7/12
  2889 | D:3      | Reached skill level 6 in Conjurations
  3076 | D:3      | Reached XP level 5. HP: 28/28 MP: 8/13
  3737 | D:4      | Reached skill level 5 in Spellcasting
  4451 | D:4      | Noticed a sky beast
  4456 | D:4      | Killed a sky beast
  4456 | D:4      | Reached skill level 7 in Conjurations
  4456 | D:4      | Reached XP level 6. HP: 32/32 MP: 9/16
  4825 | D:4      | Learned a level 5 spell: Iskenderun's Battlesphere
  4830 | D:4      | Learned a level 4 spell: Iskenderun's Mystic Blast
  4835 | D:4      | Learned a level 4 spell: Fulminant Prism
  4914 | D:5      | Entered Level 5 of the Dungeon
  4937 | D:5      | Noticed an ice beast
  4950 | D:5      | Killed an ice beast
  4950 | D:5      | Reached skill level 1 in Charms
  4950 | D:5      | Reached XP level 7. HP: 36/36 MP: 10/18
  5027 | D:5      | Reached skill level 8 in Conjurations
  5478 | D:5      | Found a white marble altar of Elyvilon.
  6626 | D:6      | Reached skill level 9 in Conjurations
  6626 | D:6      | Reached XP level 8. HP: 36/41 MP: 15/20
  7406 | D:7      | Reached skill level 5 in Charms
  7632 | D:7      | You fall through a shaft for 2 floors!
  7768 | D:9      | Reached skill level 10 in Conjurations
  7919 | D:9      | Found a sparkling altar of Nemelex Xobeh.
  7985 | D:9      | HP: 2/41 [something/magic dart (7)]
  8273 | D:9      | Noticed a troll
  8279 | D:9      | Killed a troll
  8279 | D:9      | Reached XP level 9. HP: 45/45 MP: 10/23
  8733 | D:9      | Reached skill level 11 in Conjurations
  8969 | D:8      | Found a hide-covered altar of Uskayaw.
  9019 | D:8      | Noticed Psyche
  9025 | D:8      | HP: 1/45 [poisoned by a scorpion]
  9026 | D:8      | Succumbed to a scorpion's poison

Skill      XL: |  1  2  3  4  5  6  7  8  9 |
---------------+----------------------------+-----
Conjurations   | 5 6 7 9 10 11 | 11.3
Spellcasting   | 4 5 6 7 8 9 |  9.2
Charms         | 1 4 6 8 |  8.1
Dodging        | |  2.4
Stealth        | |  2.4

Action                   |  1- 3 |  4- 6 |  7- 9 || total
-------------------------+-------+-------+-------++-------
Melee: Unarmed           |    19 |       |     8 ||    27
       Dagger            |       |       |     7 ||     7
 Cast: Magic Dart        |    91 |   100 |   145 ||   336
       Searing Ray       |       |     8 |    24 ||    32
       Fulminant Prism   |       |     1 |     4 ||     5
       Iskenderun's Myst |       |       |    14 ||    14
       Iskenderun's Batt |       |       |     5 ||     5
  Use: Scroll            |       |       |     8 ||     8
       Potion            |       |       |    10 ||    10
  Eat: Chunk             |     4 |     8 |    12 ||    24
       Royal jelly       |       |       |     1 ||     1
Armor: Robe              |     6 |     6 |    13 ||    25
Dodge: Dodged            |    24 |     6 |    55 ||    85
